 Dungeon Crawl Stone Soup version 0.30-a0-1085-g990a428a5c (webtiles) character file.

Game seed: 17115233587537273763

2713 bande the Cleaver (level 9, -13/55 HPs)
             Began as a Gargoyle Fighter on Apr 17, 2023.
             Was a Priest of Okawaru.
             Killed by divine providence
             ... invoked by an orc priest
              (14 damage)
             ... on level 7 of the Dungeon.
             The game lasted 00:14:31 (6786 turns).

bande the Cleaver (Gargoyle Fighter)                Turns: 6786, Time: 00:14:32

Health: -13/55     AC: 20    Str: 19    XL:     9   Next: 66%
Magic:  11/11      EV:  6    Int: 10    God:    Okawaru [***...]
Gold:   346        SH: 10    Dex: 19    Spells: 8/8 levels left

rFire   + . .      SeeInvis .    a - +1 war axe (elec)
rCold   . . .      Faith    .    x - +0 kite shield
rNeg    + + .      Spirit   .    e - +0 chain mail
rPois   ∞          Reflect  .    (no helmet)
rElec   +          Rampage  .    j - +0 cloak
rCorr   .          Rage     3%   q - +1 pair of gloves
Will    +....                    (no boots) Stlth
                                 n - amulet of Tusuac {Acrobat Fly rN+}
HPRegen 0.29/turn                i - ring of protection from fire
MPRegen 0.12/turn                b - +6 ring of dexterity

@: flying
A: sickness immunity, AC +6, negative energy resistance 1, electricity
resistance, torment resistance 1, petrification resistance, berserk 1, low MP 1,
strong-willed 1, MP-powered wands
a: Renounce Religion, Heroism


You were on level 7 of the Dungeon.
You worshipped Okawaru.
Okawaru was most pleased with you.
You visited 2 branches of the dungeon, and saw 8 of its levels.

You collected 346 gold pieces.

Inventory:

Hand Weapons
 a - a +1 war axe of electrocution (weapon)
 v - a +0 war axe
 A - a +0 flail of holy wrath
Armour
 e - a +0 chain mail (worn)
 j - a +0 cloak (worn)
 q - a +1 pair of gloves (worn)
 x - a +0 kite shield (worn)
Jewellery
 b - a +6 ring of dexterity (right hand)
 i - a ring of protection from fire (left hand)
 n - the amulet of Tusuac (around neck) {Acrobat Fly rN+}
   (You found it on level 3 of the Dungeon)

   [amulet of the acrobat]

   It increases your evasion while moving and waiting.
   rN:        It protects you from negative energy.
   Fly:       It grants you flight.
 p - an amulet of faith
Wands
 y - a wand of roots (1)
Scrolls
 r - 4 scrolls of fear
 s - 2 scrolls of teleportation
 t - a scroll of blinking
Potions
 c - 2 potions of invisibility
 d - 2 potions of might
 f - a potion of haste
 g - a potion of ambrosia
 l - 5 potions of curing
 m - a potion of cancellation {unknown}
 u - 2 potions of brilliance
 z - a potion of flight {unknown}


   Skills:
 + Level 6.1 Fighting
 + Level 8.3 Axes
 + Level 6.9 Armour
 + Level 5.3 Shields
 * Level 4.8 Invocations


You had 8 spell levels left.
You didn't know any spells.
Your spell library contained the following spells:

 Spells                   Type           Power      Damage    Failure   Level
 Ensorcelled Hibernation  Hex/Ice        0%         N/A       100%        2
 Passwall                 Tmut/Erth      0%         N/A       100%        2
 Swiftness                Air            0%         N/A       100%        3
 Storm Form               Tmut/Air       0%         N/A       100%        7
 Maxwell's Capacitive Co  Air            0%         ∞         100%        8
 Summon Lightning Spire   Summ/Air       Unusable   N/A       N/A         4

Dungeon Overview and Level Annotations

Branches:
Dungeon (7/15)             Temple (1/1) D:5

Altars:
Ashenzari
Cheibriados
Elyvilon
Fedhas
Gozag
Hepliaklqana
Kikubaaqudgha
Makhleb
Nemelex Xobeh
Okawaru
Qazlal
Ru
Trog
Vehumet
Wu Jian
Xom
Yredelemnul
Zin
The Shining One


Innate Abilities, Weirdness & Mutations

You are immune to sickness and miasma.
Your stone body is resilient. (AC +6)
You are immune to poison.
You resist negative energy. (rN+)
You are resistant to electric shocks. (rElec)
You are resistant to unholy torment.
You are immune to petrification.
You sometimes lose your temper in combat.
Your magical capacity is low. (-10% MP)
You are strong-willed. (Will+)
You expend magic power (3 MP) to strengthen your wands.


Message History

Okay, then.
Okay, then.
Unknown command.
Found a ring mail.
Found a stone staircase leading down.
An orc priest comes into view. It is wielding a +0 short sword.
The orc priest shouts!
The orc priest looks braver for a moment.
An orc priest is nearby!
An orc priest comes into view.
It is wielding a +2 falchion of electrocution.
The orc priest shouts!
The orc priest begins to cast a cantrip, but forgets the words!
The orc priest calls down the wrath of Beogh upon you.
Beogh smites you!
The orc priest calls down the wrath of Beogh upon you.
Beogh smites you!
You barely miss the orc priest. You hit the orc priest.
The orc priest hits you with a +0 short sword.
The orc priest closely misses you.
You hit the orc priest.
The orc priest is moderately wounded.
You hit the orc priest but do no damage.
You block the orc priest's attack.
The orc priest hits you but does no damage.
You hit the orc priest.
The orc priest is heavily wounded.
You hit the orc priest but do no damage.
The orc priest invokes the aid of Beogh against you.
Beogh smites you!
The orc priest hits you with a +2 falchion of electrocution.
* * * LOW HITPOINT WARNING * * *
You slash the orc priest!
The orc priest is almost dead.
You hit the orc priest. You block the orc priest's attack. x2
The orc priest calls down the wrath of Beogh upon you.
Beogh smites you!
* * * LOW HITPOINT WARNING * * *
The orc priest invokes the aid of Beogh against you.
Beogh smites you!
You die...

##..####.###.###
..##..#
.....####.###+#
. ###
#.............#
#............>#
#.............#
#...###.####..#
# ## ###..##
+.....# #..@..#
#.oo..# #.....#
#..##.# #.. +#
... .... .....


You could see 2 orc priests.

Vanquished Creatures
  Joseph (D:7)
  Grinder (D:4)
  Sigmund (D:5)
  A vampire (D:5)
  A water moccasin (D:5)
  2 black bears
  2 ogres (D:6)
  3 centaurs
  Blork the orc (D:5)
  A gnoll sergeant (D:6)
  A bullfrog (D:5)
  2 scorpions (D:5)
  3 wights (D:6)
  5 hounds
  A gnoll bouda (D:6)
  2 orc priests
  Crazy Yiuf (D:5)
  3 iguanas (D:5)
  A sleepcap (D:5)
  3 orc wizards
  11 gnolls
  8 adders
  A shadow imp (D:6)
  A white imp (D:5)
  3 worms
  3 dart slugs
  23 orcs
  4 ball pythons
  A bat (D:1)
  4 endoplasms
  3 giant cockroaches
  4 goblins
  4 hobgoblins
  6 jackals
  3 quokkas
  5 frilled lizards
  6 kobolds
  9 rats
135 creatures vanquished.

Vanquished Creatures (others)
  An orc wizard (D:6)
1 creature vanquished.

Grand Total: 136 creatures vanquished

Notes
Turn   | Place    | Note
-------+----------+-------------------------------------------
     0 | D:1      | bande the Gargoyle Fighter began the quest for the Orb.
     0 | D:1      | Reached XP level 1. HP: 14/14 MP: 1/1
   336 | D:1      | Reached XP level 2. HP: 19/19 MP: 2/2
   656 | D:2      | Reached skill level 2 in Axes
   712 | D:2      | Reached XP level 3. HP: 23/23 MP: 3/3
  1128 | D:3      | Identified the amulet of Tusuac {Acrobat Fly rN+}
  1144 | D:3      | Reached XP level 4. HP: 21/28 MP: 4/4
  1150 | D:3      | Reached skill level 3 in Axes
  1212 | D:3      | You fall into a shaft and drop 3 floors!
  1214 | D:6      | Noticed a centaur
  1217 | D:6      | Noticed a scorpion
  1219 | D:6      | Noticed a gnoll sergeant
  1221 | D:5      | Entered Level 5 of the Dungeon
  1546 | D:3      | Reached XP level 5. HP: 31/33 MP: 5/5
  2034 | D:4      | Noticed a black bear
  2040 | D:4      | Killed a black bear
  2041 | D:4      | Reached skill level 4 in Axes
  2041 | D:4      | Reached XP level 6. HP: 38/38 MP: 6/6
  2339 | D:4      | Noticed Grinder
  2340 | D:4      | Paralysed by Grinder for 4 turns
  2347 | D:4      | Paralysed by Grinder for 5 turns
  2361 | D:4      | Killed Grinder
  2362 | D:4      | Reached skill level 5 in Axes
  2362 | D:4      | Reached XP level 7. HP: 44/44 MP: 7/7
  2686 | D:5      | Found a staircase to the Ecumenical Temple.
  2696 | Temple   | Entered the Ecumenical Temple
  2869 | Temple   | Became a worshipper of Warmaster Okawaru
  3010 | D:5      | Noticed Blork the orc
  3017 | D:5      | Killed Blork the orc
  3041 | D:5      | Found a white marble altar of Elyvilon.
  3202 | D:5      | Identified the +2 leather armour of Nec Rorph {rElec rC-
                  | rCorr Dex+3 Stlth+}
  3242 | D:5      | Reached skill level 6 in Axes
  3242 | D:5      | Reached skill level 5 in Armour
  3242 | D:5      | Reached skill level 1 in Invocations
  3250 | D:5      | Reached * piety under Okawaru
  3251 | D:5      | Reached XP level 8. HP: 48/48 MP: 7/9
  3309 | D:5      | Noticed Sigmund
  3315 | D:5      | Killed Sigmund
  3371 | D:5      | Reached skill level 5 in Fighting
  3508 | D:5      | Found a runed translucent door.
  3509 | D:5      | Noticed Crazy Yiuf
  3687 | D:5      | Reached ** piety under Okawaru
  4020 | D:5      | Killed Crazy Yiuf
  4021 | D:5      | Reached skill level 7 in Axes
  4383 | D:6      | Noticed a vampire
  4750 | D:5      | Killed a vampire
  5166 | D:6      | Reached XP level 9. HP: 28/54 MP: 11/11
  5945 | D:6      | Reached skill level 5 in Shields
  5952 | D:6      | Gained mutation: Your magical capacity is low. (-10% MP)
                  | [potion of mutation]
  5952 | D:6      | Gained mutation: Your mind is acute. (Int +4, Str/Dex -1)
                  | [potion of mutation]
  5952 | D:6      | Gained mutation: Your magical capacity is very low. (-20%
                  | MP) [potion of mutation]
  5953 | D:6      | Lost mutation: Your mind is acute. (Int +4, Str/Dex -1)
                  | [potion of mutation]
  5953 | D:6      | Lost mutation: Your magical capacity is very low. (-20% MP)
                  | [potion of mutation]
  5953 | D:6      | Gained mutation: You sometimes lose your temper in combat.
                  | [potion of mutation]
  5953 | D:6      | Gained mutation: You are strong-willed. (Will+) [potion of
                  | mutation]
  5953 | D:6      | Gained mutation: You expend magic power (3 MP) to
                  | strengthen your wands. [potion of mutation]
  6055 | D:6      | Reached *** piety under Okawaru
  6063 | D:6      | Reached skill level 8 in Axes
  6517 | D:7      | Noticed Joseph
  6539 | D:7      | Killed Joseph
  6786 | D:7      | HP: 1/55 [orc priest/divine providence (14)]
  6786 | D:7      | Killed from afar by an orc priest

Illustrated notes

Levels and vault maps discovered:
D:1:      co_arrival_square_in_a_square_in_a_square, layout_basic
D:2:      layout_rooms, chequers_avenue
D:3:      layout_basic
D:4:      layout_loops_corners, uniq_grinder
D:5:      minmay_razor_zed, layout_loops_ring, mainiacjoe_overflow_chevrons,
          temple_fountains, uniq_crazy_yiuf_cottage, uniq_blork_the_orc,
          uniq_sigmund
D:6:      layout_cave_pools
D:7:      layout_gridville, uniq_joseph
Temple:   nicolae_temple_the_god_donut

Skill      XL: |  1  2  3  4  5  6  7  8  9 |
---------------+----------------------------+-----
Axes           | 2 3 4 5 6 7 8 |  8.3
Armour         | 4 5 6 |  6.9
Fighting       | 4 5 6 |  6.1
Shields        | 4 5 |  5.3
Invocations    | 1 3 4 |  4.8

Action                     |  1- 3 |  4- 6 |  7- 9 || total
---------------------------+-------+-------+-------++-------
  Melee: War axe           |    98 |    71 |   202 ||   371
    Use: Scroll            |    10 |     2 |     7 ||    19
         Potion            |       |       |     3 ||     3
 Armour: Chain mail        |    53 |    38 |   183 ||   274
  Dodge: Dodged            |    24 |    36 |    95 ||   155
  Block: Buckler           |    24 |    16 |    41 ||    81
         Kite shield       |       |       |    50 ||    50

Table legend: (Time is in decaauts)
 A = Elapsed time spent in this place.
 B = Non-inter-level travel time spent in this place.
 C = Inter-level travel time spent in this place.
 D = Time resting spent in this place.
 E = Time spent auto-exploring this place.
 F = Levels seen in this place.
 G = Mean time per level.
                   A        B        C        D        E       F      G
               +--------+--------+--------+--------+--------+-----+--------+
         Total |   6932 |   6628 |    304 |   1741 |   3628 |   8 |  866.5 |
       Dungeon |   6724 |   6453 |    271 |   1741 |   3483 |   7 |  960.6 |
        Temple |    207 |    174 |     33 |      0 |    145 |   1 |  207.0 |
               +--------+--------+--------+--------+--------+-----+--------+

Top non-repeatable levels by time:
     D:5: 2752 daAuts
     D:6: 1036 daAuts
     D:4: 888 daAuts
     D:2: 594 daAuts
     D:3: 565 daAuts
     D:1: 547 daAuts
     D:7: 339 daAuts
  Temple: 207 daAuts
